 Dungeon Crawl Stone Soup version 0.28-a0-984-g3775c662fe (webtiles) character file.

Game seed: 10730150565276823566

16 fragbeetle the Ruffian (level 2, 0/21 (23) HPs)
             Began as a Draconian Transmuter on Dec 3, 2021.
             Slain by a gnoll (1 damage)
             ... on level 1 of the Dungeon.
             The game lasted 00:00:51 (206 turns).

fragbeetle the Ruffian (Draconian Transmuter)        Turns: 206, Time: 00:00:52

HP:   0/21 (23)     AC:  4    Str: 12    XL:     2   Next: 41%
MP:   4/5           EV: 12    Int: 13    God:
Gold: 27            SH:  0    Dex: 11    Spells: 4/5 levels left

rFire   . . .      SeeInvis .     - Unarmed
rCold   . . .      Faith    .   (no shield)
rNeg    . . .      Spirit   .   (armour unavailable)
rPois   .          Reflect  .   (helmet currently unavailable)
rElec   .          Harm     .   (no cloak)
rCorr   .          Rampage  .   (no gloves)
Will    .....                   (boots currently unavailable)
Stlth   +.........              (no amulet)
HPRegen 0.07/turn               (no ring)
MPRegen 0.09/turn               (no ring)

@: appendages, drained
A: horns 2, talons 2, AC +4, unfitting armour, cold-blooded
a: End Transformation


You were on level 1 of the Dungeon.
You had temporarily grown beastly horns and talons.
You visited 1 branch of the dungeon, and saw 2 of its levels.

You collected 27 gold pieces.

Inventory:

Scrolls
 c - a scroll of enchant armour {unknown}
Potions
 a - a potion of might {unknown}
 b - a potion of magic {unknown}


   Skills:
 + Level 1.1 Fighting
 + Level 1.7 Dodging
 + Level 3.6 Unarmed Combat
 + Level 2.0 Spellcasting
 + Level 2.2 Transmutations


You had 4 spell levels left.
You knew the following spells:

 Your Spells              Type           Power      Damage    Failure   Level
a - Beastly Appendage     Tmut           14%        N/A       10%         1

Your spell library contained the following spells:

 Spells                   Type           Power      Damage    Failure   Level
 Wereblood                Tmut           7%         N/A       16%         2
 Spider Form              Tmut/Pois      4%         N/A       43%         3
 Ice Form                 Ice/Tmut       4%         N/A       85%         4


Dungeon Overview and Level Annotations

Branches:
Dungeon (2/15)

Altars:


Innate Abilities, Weirdness & Mutations

You have temporarily grown beastly horns and talons.
Your plain brown scales are hard. (AC +4)
You cannot fit into any form of body armour.
You are cold-blooded and may be slowed by cold attacks.


Message History

You closely miss the adder. You claw the adder, but do no damage.
The adder is moderately wounded.
The adder closely misses you.
You hit the adder. You claw the adder. Your headbutt misses the adder.
The adder is almost dead.
The adder barely misses you.
You barely miss the adder.
The adder is almost dead.
The adder barely misses you. The adder bites you.
You hit the adder.
You kill the adder!
You have reached level 2!
You punch the endoplasm!
You kill the endoplasm!
Your transformation is almost over.
c - a scroll labelled XOUGO VIHIR
There is a stone staircase leading up here.
You climb upwards.
There is a stone staircase leading down here.
Your horns disappear.
Your talons disappear.
There is a stone staircase leading down here.
HP restored.
You see here a ball python corpse.
A gnoll comes into view. It is wielding a +4 whip of draining.
Casting: Beastly Appendage (safe; 10% risk of failure)
Confirm with . or Enter, or press ? or * to list all spells.
You grow a pair of large bovine horns.
Your feet morph into talons.
The gnoll shouts!
You hear a shout!
A hobgoblin comes into view.
The gnoll hits you with a +4 whip of draining!
You feel drained.
You hit the gnoll. You claw the gnoll, but do no damage.
You headbutt the gnoll.
The gnoll is moderately wounded.
You hit the gnoll but do no damage. You tail-slap the gnoll.
The gnoll is heavily wounded.
The gnoll hits you with a +4 whip of draining!
* * * LOW HITPOINT WARNING * * *
You feel drained.
You die...

### ######### ...
........##########..
>............ ....# ##
........##.####...##....
.................g.g....
...............#@#
...............#.####..
..†..........#..........
......##.....#..........
......##................
......##.........#######
.......+..........
.......#.........##
.....).#######+#.#


You could see a gnoll and a hobgoblin.

Vanquished Creatures
  An adder (D:2)
  A dart slug (D:1)
  An endoplasm (D:2)
  A quokka (D:1)
  A ball python (D:1)
  A rat (D:1)
6 creatures vanquished.

Notes
Turn   | Place    | Note
-------+----------+-------------------------------------------
     0 | D:1      | fragbeetle the Draconian Transmuter began the quest for the
                  | Orb.
     0 | D:1      | Reached XP level 1. HP: 16/16 MP: 3/3
   111 | D:2      | Reached XP level 2. HP: 17/23 MP: 3/5
   206 | D:1      | HP: 1/22 [gnoll (9)]
   206 | D:1      | Slain by a gnoll

Illustrated notes

Levels and vault maps discovered:
D:1:      psy_arrival_fountain, layout_basic, serial_shops, nicolae_square_shop
D:2:      layout_rooms, basic_altar, ebering_ecumenical_altar_hall, st_stairs_7

Action                   || total
-------------------------++-------
Melee: Unarmed           ||    15
       Kick              ||     4
       Tailslap          ||     3
       Headbutt          ||     1
 Cast: Beastly Appendage ||     6
Dodge: Dodged            ||     7

Table legend: (Time is in decaauts)
 A = Elapsed time spent in this place.
 B = Non-inter-level travel time spent in this place.
 C = Inter-level travel time spent in this place.
 D = Time resting spent in this place.
 E = Time spent auto-exploring this place.
 F = Levels seen in this place.
 G = Mean time per level.
                   A        B        C        D        E       F      G
               +--------+--------+--------+--------+--------+-----+--------+
         Total |    204 |    204 |      0 |      0 |    107 |   2 |  102.0 |
       Dungeon |    204 |    204 |      0 |      0 |    107 |   2 |  102.0 |
               +--------+--------+--------+--------+--------+-----+--------+

Top non-repeatable levels by time:
     D:1: 185 daAuts
     D:2: 19 daAuts
